 Dungeon Crawl Stone Soup version 0.25-a0-316-gd28d56f9c5 (webtiles) character file.

Game seed: 15688539883012786841, levelgen mode: classic

1184 Borgoz the Chopper (level 8, -3/49 HPs)
             Began as a Gargoyle Berserker on Dec 24, 2019.
             Was an Elder of Trog.
             Blown up by Pikel (31 damage)
             ... with a disintegration bolt
             ... on level 4 of the Dungeon.
             The game lasted 00:09:29 (4662 turns).

Borgoz the Chopper (Gargoyle Berserker)             Turns: 4662, Time: 00:09:30

Health: -3/49      AC: 29    Str: 22    XL:     8   Next: 42%
Magic:  8/8        EV:  5    Int:  7    God:    Trog [****..]
Gold:   302        SH:  0    Dex: 15    Spells: 7/7 levels left

rFire    . . .     SeeInvis +   a - +0 hand axe
rCold    . . .     Gourm    .   (no shield)
rNeg     + . .     Faith    .   w - +0 crystal plate armour
rPois    ∞         Spirit   .   r - +2 helmet
rElec    +         Reflect  .   x - +2 cloak of Duck's Teeth {rPois Dex+4 SInv}
rCorr    .         Harm     .   (no gloves)
MR       .....                  (no boots)
Stlth    ..........             (no amulet)
HPRegen  0.16/turn              (no ring)
MPRegen  0.11/turn              (no ring)

@: no status effects
A: negative energy resistance 1, electricity resistance, unbreathing,
petrification resistance, rot immunity, AC +5
a: Berserk, Trog's Hand, Brothers in Arms, Renounce Religion


You were on level 4 of the Dungeon.
You worshipped Trog.
Trog was greatly pleased with you.
You were very hungry.

You visited 1 branch of the dungeon, and saw 5 of its levels.

You collected 302 gold pieces.

Inventory:

Hand Weapons
 a - a +0 hand axe (weapon)
 s - a +3 mace of protection
Missiles
 b - a throwing net (quivered)
Armour
 f - a +2 scale mail of fire resistance
 r - a +2 helmet (worn)
 w - a +0 crystal plate armour (worn)
 x - the +2 cloak of Duck's Teeth (worn) {rPois Dex+4 SInv}
   (You found it on level 4 of the Dungeon)

   It affects your dexterity (+4).
   It protects you from poison.
   It lets you see invisible.
Jewellery
 d - a +3 ring of evasion
Wands
 y - a wand of polymorph (11)
Scrolls
 e - a scroll of teleportation {unknown}
 h - 6 scrolls of identify {unknown}
 i - a scroll of random uselessness {unknown}
 l - 2 scrolls of enchant weapon {unknown}
 p - 3 scrolls of remove curse
 q - 2 scrolls of fear {unknown}
 t - a scroll of fog {unknown}
Potions
 g - 5 potions of agility {unknown}
 j - a potion of resistance {unknown}
 m - a potion of curing {unknown}
 n - a potion of brilliance {unknown}
 o - a potion of mutation {unknown}
 u - a potion of haste {unknown}
 v - 2 potions of degeneration {unknown}
 z - a potion of berserk rage {unknown}
 A - a potion of cancellation {unknown}
Comestibles
 c - 8 rations


   Skills:
 + Level 5.3 Fighting
 * Level 5.8 Axes
 + Level 4.8 Armour
 * Level 4.9 Dodging


You had 7 spell levels left.
You didn't know any spells.
Your spell library was empty.

Dungeon Overview and Level Annotations

Branches:
Dungeon (5/15)             Temple (0/1) D:4

Altars:
Qazlal

Annotations:
D:4 Pikel


Innate Abilities, Weirdness & Mutations

You are resistant to torment.
Your stone body is resilient. (AC +5)
You are immune to poison.
You resist negative energy. (rN+)
You are resistant to electric shocks. (rElec)
You can survive without breathing.
You are immune to petrification.
You are immune to rotting.


Message History

You are too injured to fight recklessly!
You are too injured to fight recklessly!
You are too injured to fight recklessly!
You are too injured to fight recklessly!
You are too injured to fight recklessly!
You are too injured to fight recklessly!
You are too injured to fight recklessly!
Unknown command.
You feel much better. Pikel hits you but does no damage.
The gnoll hits you but does no damage.
You see here a throwing net.
b - a throwing net Pikel hits you but does no damage.
The gnoll hits you but does no damage. Pikel waves his whip at you.
Pikel hits you but does no damage.
Pikel says, "It's all about the gold, really."
Pikel zaps a wand.
You are blasted!
Ouch! That really hurt!
You die...

......................#######.#..
.<.......#......#####.##......#.#
....#...........'.#..gg'......#..
....#..##.#.....#.#.#p##......#..
.......<........#.#.#p##......#..
..#.#.####......#.#.#p##......#..
....................#)##......#..
..#.#.###.###########p##......#..
....)...........@.Kg..#########..
###.#####.#.....####### #...##..
#.# #.......# #.#.##.. #.#
#.......# #.#..... #.#
#.....####** ##+####.# #.#
#.........,* #........ ###.#
#.........,* #........ ....#
#.......,,,* #........
#########.....#***** #........


You could see Pikel, a slave and a gnoll.

Vanquished Creatures
  Duvessa (D:4)
  A slave (D:4)
  A gnoll sergeant (D:4)
  Dowan (D:4)
  4 scorpions
  A howler monkey (D:4)
  3 gnoll shamans (D:4)
  4 orc priests
  Terence (D:3)
  6 worker ants (D:4)
  Robin (D:4)
  7 adders
  14 gnolls (D:4)
  An ooze (D:4)
  3 worms
  A dart slug (D:4)
  4 leopard geckos
  13 orcs
  10 giant cockroaches
  11 goblins
  10 hobgoblins
  21 jackals
  4 quokkas
  10 bats
  4 frilled lizards
  8 kobolds
  9 rats
154 creatures vanquished.

Notes
Turn   | Place    | Note
-------+----------+-------------------------------------------
     0 | D:1      | Borgoz the Gargoyle Berserker began the quest for the Orb.
     0 | D:1      | Reached XP level 1. HP: 14/14 MP: 1/1
   143 | D:1      | Reached XP level 2. HP: 19/19 MP: 2/2
   638 | D:1      | Reached XP level 3. HP: 23/23 MP: 3/3
   852 | D:2      | Reached ** piety under Trog
   950 | D:2      | Reached XP level 4. HP: 22/29 MP: 4/4
  1459 | D:2      | Found a stormy altar of Qazlal.
  2217 | D:3      | Reached XP level 5. HP: 24/33 MP: 5/5
  2617 | D:3      | Noticed Terence
  2625 | D:3      | Killed Terence
  2997 | D:4      | Got a brightly glowing cloak
  3003 | D:4      | Identified the +2 cloak of Duck's Teeth {rPois Dex+4 SInv}
                  | (You found it on level 4 of the Dungeon)
  3016 | D:4      | Noticed Duvessa
  3016 | D:4      | Noticed Dowan
  3036 | D:4      | Killed Duvessa
  3036 | D:4      | Reached XP level 6. HP: 38/38 MP: 6/6
  3093 | D:4      | Killed Dowan
  3192 | D:4      | Reached XP level 7. HP: 42/44 MP: 7/7
  3197 | D:4      | Noticed Robin
  3208 | D:4      | Killed Robin
  3208 | D:4      | Reached *** piety under Trog
  3369 | D:4      | Reached skill level 5 in Axes
  3756 | D:4      | Reached **** piety under Trog
  3770 | D:5      | Entered Level 5 of the Dungeon
  4108 | D:5      | Reached XP level 8. HP: 40/48 MP: 8/8
  4157 | D:5      | Reached skill level 5 in Fighting
  4432 | D:4      | Found a staircase to the Ecumenical Temple.
  4617 | D:4      | Noticed Pikel
  4662 | D:4      | Blown up by Pikel

Levels and vault maps discovered:
D:1:      dpeg_cavernosity, layout_basic, corexii_item_surrounded_by_moat,
          fountainhead
D:2:      minmay_chambers_of_twos, layout_rooms,
          nicolae_qazlal_general_emergency, first_ration
D:3:      layout_loops_ring, minivault_14, uniq_terence
D:4:      lemuel_castle_with_subvaults [lemuel_castle_interior_original],
          layout_basic, minmay_temple_entry_gardened_gates, serial_glass,
          glass_columns_a, glass_columns_b, moated_statue,
          minmay_misc_feat_five, kennysheep_cluttered_room, minmay_vboxes,
          uniq_pikel, uniq_robin, uniq_duvessa
D:5:      layout_gridville, serial_shops, shop, tgw_kikubaaqudgha

Skill      XL: |  1  2  3  4  5  6  7  8 |
---------------+-------------------------+-----
Dodging        | 2 3 4 |  4.9
Axes           | 3 4 5 |  5.8
Armour         | 3 4 |  4.8
Fighting       | 4 5 |  5.3

Action                   |  1- 3 |  4- 6 |  7- 9 || total
-------------------------+-------+-------+-------++-------
Melee: Hand axe          |   104 |   240 |   320 ||   664
Invok: Berserk           |     2 |     4 |     2 ||     8
  Use: Scroll            |       |     3 |       ||     3
       Potion            |       |       |     1 ||     1
 Stab: Sleeping          |       |     1 |       ||     1
  Eat: Chunk             |     2 |    11 |     6 ||    19
Armor: Animal skin       |    52 |    62 |       ||   114
       Crystal plate arm |       |   148 |   332 ||   480
       Ring mail         |       |    20 |       ||    20
Dodge: Dodged            |    84 |   143 |    79 ||   306

Table legend:
 A = Non-vault XP
 B = Vault XP
 C = Vault XP percentage of total XP
 D = Non-vault monster count
 E = Vault monster count
 F = Vault count percentage of total count
                 A         B        C        D         E       F
            +---------+---------+-------+---------+---------+-------
      Total |     811 |     881 |  52.1 |      90 |      63 |  41.2
            +---------+---------+-------+---------+---------+-------
        D:1 |      31 |       7 |  18.4 |      19 |       4 |  17.4
        D:2 |      51 |      16 |  23.9 |      14 |       7 |  33.3
        D:3 |     119 |      36 |  23.2 |      30 |       1 |   3.2
        D:4 |     432 |     822 |  65.6 |      20 |      51 |  71.8
        D:5 |     178 |       0 |   0.0 |       7 |       0 |   0.0
            +---------+---------+-------+---------+---------+-------
